 Dungeon Crawl Stone Soup version 0.28-a0-938-gbc3f381ebc (webtiles) character file.

Game seed: 611638863412587449

517 Zonian the Ducker (level 7, -4/52 HPs)
             Began as a Demonspawn Gladiator on Nov 30, 2021.
             Was a Priest of Kikubaaqudgha.
             Slain by a gnoll sergeant (12 damage)
             ... on level 5 of the Dungeon.
             The game lasted 00:09:41 (7433 turns).

Zonian the Ducker (Demonspawn Gladiator)            Turns: 7433, Time: 00:09:41

Health: -4/52      AC:  9    Str: 14    XL:     7   Next: 0%
Magic:  9/9        EV: 13    Int: 10    God:    Kikubaaqudgha [***...]
Gold:   136        SH:  0    Dex: 16    Spells: 4/9 levels left

rFire   . . .      SeeInvis .   g - +2 dagger (venom)
rCold   . . .      Faith    .   (no shield)
rNeg    . . .      Spirit   .   b - +0 leather armour
rPois   .          Reflect  .   q - +1 helmet
rElec   .          Harm     .   m - scarf {shadows}
rCorr   .          Rampage  .   f - +1 pair of gloves
Will    .....                   (no boots)
Stlth   ++........              e - amulet of regeneration
HPRegen 0.97/turn               (no ring)
MPRegen 0.11/turn               (no ring)

@: lethally poisoned (-4 -> -7)
A: yellow scales 1, powered by death 2, weakness stinger 1
a: Renounce Religion, Receive Corpses


You were on level 5 of the Dungeon.
You worshipped Kikubaaqudgha.
Kikubaaqudgha was most pleased with you.
You visited 1 branch of the dungeon, and saw 5 of its levels.

You collected 136 gold pieces.

Inventory:

Hand Weapons
 a - a +0 trident of protection
 g - a +2 dagger of venom (weapon)
Missiles
 d - 4 throwing nets (quivered)
 j - 5 boomerangs
Armour
 b - a +0 leather armour (worn)
 c - a +0 helmet
 f - a +1 pair of gloves (worn)
 m - a scarf of shadows (worn)
 p - a +0 cloak
 q - a +1 helmet (worn)
Jewellery
 e - an amulet of regeneration (around neck)
 u - a ring of ice
Wands
 r - a wand of iceblast (14)
 t - a wand of paralysis (13)
Scrolls
 k - a scroll of enchant weapon
 o - a scroll of identify
Potions
 h - a potion of might
 i - 2 potions of lignification
 l - a potion of flight
 n - a potion of magic
 s - 2 potions of curing


   Skills:
 + Level 3.5 Fighting
 + Level 1.4 Short Blades
 - Level 3.5 Polearms
 + Level 2.6 Throwing
 - Level 0.2 Armour
 + Level 4.0 Dodging
 + Level 1.2 Stealth
 * Level 1.8 Spellcasting
 * Level 3.2 Necromancy


You had 4 spell levels left.
You knew the following spells:

 Your Spells              Type           Power      Damage    Failure   Level
a - Pain                  Necr           28%        1d5       11%         1
b - Animate Dead          Necr           3%         N/A       71%         4

Your spell library contained the following spells:

 Spells                   Type           Power      Damage    Failure   Level
 Sublimation of Blood     Necr           7%         N/A       16%         2
 Corpse Rot               Necr/Air       8%         N/A       30%         2
 Vampiric Draining        Necr           7%         2d6       32%         3
 Dispel Undead            Necr           7%         3d8       71%         4
 Excruciating Wounds      Necr           3%         N/A       96%         5
 Death Channel            Necr           3%         N/A       100%        6
 Simulacrum               Ice/Necr       2%         N/A       100%        6


Dungeon Overview and Level Annotations

Branches:
Dungeon (5/15)
 Temple: D:4-7

Altars:
Kikubaaqudgha

Annotations:
D:3 1 runed translucent door, Crazy Yiuf


Innate Abilities, Weirdness & Mutations

You are partially covered in yellow scales. (AC +2)
You regenerate health from kills.
You have a small tail.


Message History

A gnoll is nearby!
Unknown command.
A gnoll and a gnoll sergeant come into view.
The gnoll sergeant is wielding a +8 spear of venom.
The gnoll shouts!
The gnoll sergeant shouts!
You hear a shout!
The gnoll shouts!
A gnoll comes into view. It is wielding a +0 whip.
A gnoll comes into view. It is wielding a +0 club.
A gnoll comes into view. It is wielding a +0 whip.
The gnoll shouts!
The gnoll misses you.
The gnoll shouts!
The gnoll sergeant hits you with a +8 spear of venom.
You are poisoned.
The gnoll hits you but does no damage.
You closely miss the gnoll sergeant.
Your tail-slap misses the gnoll sergeant.
You feel very sick.
The gnoll sergeant hits you with a +8 spear of venom!
An orc comes into view. It is wielding a +0 morningstar.
The gnoll completely misses you. The gnoll barely misses you.
You hit the gnoll sergeant but do no damage.
You feel sick.
The gnoll sergeant hits you with a +8 spear of venom.
You are more poisoned.
The gnoll hits you with a +0 whip. The gnoll barely misses you.
Unknown command.
You feel very sick. The gnoll sergeant barely misses you.
The gnoll barely misses you.
You feel very sick.
The gnoll sergeant hits you from afar with a +8 spear of venom.
* * * LOW HITPOINT WARNING * * *
The gnoll completely misses you.
The gnoll hits you from afar with a +0 spear.
* * * LOW HITPOINT WARNING * * *
There is an escape hatch in the floor here.
You feel very sick.
The gnoll sergeant hits you from afar with a +8 spear of venom!
You die...
Kikubaaqudgha rasps: "You have failed me!
Welcome... death!"

########.###########
#...# #...# #...#
#...# .. #...# ###.#
#...# ####go.#.#
###...#####..ggg...#
.............@#.#.#.#
................#
.........).........
####...#####.#>.#.#.
#...# #........ #...#
###.?#### #... ..# #.
..


You could see a gnoll sergeant, 3 gnolls and an orc.

Vanquished Creatures
  Sigmund (D:5)
  A scorpion (D:4)
  A jelly (D:5)
  An iguana (D:2)
  An orc wizard (D:4)
  Robin (D:1)
  7 gnolls
  5 adders
  An ufetubus (D:5)
  A worm (D:4)
  3 orcs
  8 endoplasms
  7 giant cockroaches
  12 goblins
  5 hobgoblins
  9 jackals
  7 kobolds
  5 quokkas
  9 ball pythons
  5 bats
  7 frilled lizards
  7 rats
104 creatures vanquished.

Notes
Turn   | Place    | Note
-------+----------+-------------------------------------------
     0 | D:1      | Zonian the Demonspawn Gladiator began the quest for the
                  | Orb.
     0 | D:1      | Reached XP level 1. HP: 16/16 MP: 1/1
   334 | D:1      | Gained mutation: You regenerate a little health from kills.
                  | [demonic ancestry]
   334 | D:1      | Reached XP level 2. HP: 22/22 MP: 2/2
   433 | D:1      | Found a faded altar of an unknown god.
   445 | D:1      | Prayed at the altar of an unknown god.
   445 | D:1      | Became a worshipper of Kikubaaqudgha
   445 | D:1      | Reached * piety under Kikubaaqudgha
   445 | D:1      | Received a gift from Kikubaaqudgha
   934 | D:2      | Gained mutation: You are partially covered in yellow
                  | scales. (AC +2) [demonic ancestry]
   934 | D:2      | Reached XP level 3. HP: 28/28 MP: 3/3
  1004 | D:2      | Reached skill level 3 in Dodging
  1057 | D:2      | Reached skill level 1 in Necromancy
  1065 | D:2      | Gained mutation: You regenerate health from kills. [demonic
                  | ancestry]
  1065 | D:2      | Reached XP level 4. HP: 25/34 MP: 4/4
  1170 | D:2      | Reached ** piety under Kikubaaqudgha
  1306 | D:2      | Noticed Robin
  2367 | D:1      | Killed Robin
  3045 | D:1      | Learned a level 1 spell: Pain
  3380 | D:3      | HP: 1/34 [gnoll (11)]
  3974 | D:3      | Gained mutation: You have a small tail. [demonic ancestry]
  3974 | D:3      | Reached XP level 5. HP: 37/40 MP: 5/5
  4954 | D:3      | Found a runed translucent door.
  4955 | D:3      | Noticed Crazy Yiuf
  5710 | D:4      | Reached skill level 1 in Spellcasting
  5710 | D:4      | Reached XP level 6. HP: 21/47 MP: 7/7
  7058 | D:5      | Entered Level 5 of the Dungeon
  7072 | D:5      | Reached *** piety under Kikubaaqudgha
  7072 | D:5      | Received a gift from Kikubaaqudgha
  7078 | D:5      | Learned a level 4 spell: Animate Dead
  7411 | D:5      | Noticed Sigmund
  7422 | D:5      | Killed Sigmund
  7423 | D:5      | Reached skill level 1 in Short Blades
  7423 | D:5      | Reached skill level 4 in Dodging
  7423 | D:5      | Reached skill level 1 in Stealth
  7423 | D:5      | Reached XP level 7. HP: 52/52 MP: 9/9
  7433 | D:5      | Slain by a gnoll sergeant

Illustrated notes

Levels and vault maps discovered:
D:1:      lightli_molten_gateway, layout_basic, basic_ecumenical_altar,
          kennysheep_flooded_box, minmay_cut_off
D:2:      layout_rooms, uniq_robin
D:3:      layout_rooms, uniq_crazy_yiuf_cottage
D:4:      layout_layer_cave
D:5:      layout_loops_cross, minmay_temple_entry_glassed_door, uniq_grinder,
          uniq_sigmund

Skill      XL: |  1  2  3  4  5  6 |
---------------+-------------------+-----
Polearms       | 3 |  3.5
Throwing       | 2 |  2.6
Dodging        | 3 4 |  4.0
Necromancy     | 1 2 3 |  3.2
Fighting       | 3 |  3.5
Spellcasting   | 1 |  1.8
Short Blades   | 1 |  1.4
Stealth        | 1 |  1.2
Armour         | |  0.2

Action                   |  1- 3 |  4- 6 |  7- 9 || total
-------------------------+-------+-------+-------++-------
Melee: Trident           |    98 |    83 |       ||   181
       Dagger            |       |   190 |     2 ||   192
       Tailslap          |       |    25 |       ||    25
Throw: Throwing net      |       |     2 |       ||     2
  Use: Scroll            |       |    11 |       ||    11
       Potion            |       |     2 |       ||     2
 Stab: Sleeping          |     2 |     3 |       ||     5
Armor: Leather armour    |    29 |   125 |     1 ||   155
Dodge: Dodged            |    39 |   172 |     7 ||   218

Table legend: (Time is in decaauts)
 A = Elapsed time spent in this place.
 B = Non-inter-level travel time spent in this place.
 C = Inter-level travel time spent in this place.
 D = Time resting spent in this place.
 E = Time spent auto-exploring this place.
 F = Levels seen in this place.
 G = Mean time per level.
                   A        B        C        D        E       F      G
               +--------+--------+--------+--------+--------+-----+--------+
         Total |   7464 |   7267 |    197 |   3924 |   2356 |   5 | 1492.8 |
       Dungeon |   7464 |   7267 |    197 |   3924 |   2356 |   5 | 1492.8 |
               +--------+--------+--------+--------+--------+-----+--------+

Top non-repeatable levels by time:
     D:1: 2544 daAuts
     D:2: 2106 daAuts
     D:4: 1696 daAuts
     D:3: 743 daAuts
     D:5: 374 daAuts
